 Dungeon Crawl Stone Soup version 0.28.0 (webtiles) character file.

Game seed: 13616004815962653667

227 HallandMoats the Skirmisher (level 6, -1/53 HPs)
             Began as a Ghoul Fighter on Feb 8, 2022.
             Slain by a bullfrog (5 damage)
             ... in a sewer.
             The game lasted 00:03:10 (2506 turns).

HallandMoats the Skirmisher (Ghoul Fighter)         Turns: 2506, Time: 00:03:11

Health: -1/53      AC: 10    Str: 20    XL:     6   Next: 2%
Magic:  7/7        EV:  9    Int:  5    God:
Gold:   42         SH:  4    Dex:  8    Spells: 5/5 levels left

rFire   . . .      SeeInvis .   a - +0 trident
rCold   + . .      Faith    .   c - +0 buckler
rNeg    + + +      Spirit   .   b - +0 scale mail
rPois   ∞          Reflect  .   (no helmet)
rElec   .          Harm     .   (no cloak)
rCorr   +          Rampage  .   (no gloves)
Will    .....                   (no boots)
Stlth   ..........              (no amulet)
HPRegen 0.00/turn               i - +4 ring of protection
MPRegen 0.10/turn               h - ring of resist corrosion

@: brilliant, flying, inhibited regen
A: claws 1, cold resistance 1, negative energy resistance 3, inhibited
regeneration, torment resistance 2
a: no special abilities


You were in a sewer.
You visited 1 branch of the dungeon, and saw 3 of its levels.
You also visited: Sewer.

You collected 42 gold pieces.

Inventory:

Hand Weapons
 a - a +0 trident (weapon)
Armour
 b - a +0 scale mail (worn)
 c - a +0 buckler (worn)
Jewellery
 g - a ring of protection from cold
 h - a ring of resist corrosion (right claw)
 i - a +4 ring of protection (left claw)
Scrolls
 k - a scroll of fog
Potions
 d - a potion of might
 e - a potion of brilliance
 f - a potion of invisibility {unknown}
 j - 2 potions of lignification {unknown}
 l - a potion of flight


   Skills:
 * Level 4.4 Fighting
 * Level 2.9 Polearms
 + Level 3.1 Armour
 + Level 1.5 Dodging
 + Level 3.2 Shields
 * Level 2.7 Invocations


You had 5 spell levels left.
You didn't know any spells.
Your spell library was empty.

Dungeon Overview and Level Annotations

Branches:
Dungeon (3/15)              Sewer (1/1)

Altars:


Innate Abilities, Weirdness & Mutations

You thrive by killing the living.
You are immune to poison.
You have sharp fingernails.
Your flesh is cold resistant. (rC+)
You are immune to negative energy. (rN+++)
You do not regenerate when monsters are visible.
You are immune to unholy pain and torment.


Message History

You are too injured to fight recklessly!
You are too injured to fight recklessly!
You are too injured to fight recklessly!
You are too injured to fight recklessly!
You are too injured to fight recklessly!
You are too injured to fight recklessly!
You are too injured to fight recklessly!
You are too injured to fight recklessly!
You are too injured to fight recklessly!
You are too injured to fight recklessly!
You are too injured to fight recklessly!
The bullfrog hits you.
The bullfrog hits you but does no damage.
You hit the bullfrog.
The bullfrog is moderately wounded.
The bullfrog hits you but does no damage.
The bullfrog hits you. x2
* * * LOW HITPOINT WARNING * * *
You closely miss the bullfrog.
The bullfrog is moderately wounded.
You block the bullfrog's attack. The bullfrog barely misses you.
The bullfrog hits you but does no damage. x2
You puncture the bullfrog!
The bullfrog is almost dead.
The bullfrog hits you.
* * * LOW HITPOINT WARNING * * *
You block the bullfrog's attack.
The bullfrog snags a nearby mouse with its tongue.
The bullfrog hits you but does no damage.
The bullfrog hits you.
* * * LOW HITPOINT WARNING * * *
Unknown command.
It was a potion of brilliance.
You feel clever all of a sudden.
The bullfrog hits you but does no damage. x2
It was a potion of flight.
You feel very buoyant.
You fly up into the air.
The bullfrog closely misses you. The bullfrog hits you.
You die...

#..≈≈≈≈≈≈≈≈≈≈≈≈≈≈≈≈≈≈≈≈÷≈≈≈≈≈
#.≈≈≈≈≈≈≈≈≈≈≈≈≈≈≈≈≈≈≈≈≈≈≈≈≈≈≈
#.≈≈≈≈≈≈≈≈≈≈≈≈≈≈≈≈≈≈≈≈≈≈≈≈≈≈≈
#.≈≈≈≈..≈≈≈≈≈≈≈≈≈≈.........≈≈
#.≈≈≈.≈≈≈≈≈≈≈≈≈≈≈≈≈≈≈≈#######
#≈≈≈≈.≈≈≈≈≈≈≈≈≈≈≈≈≈≈≈≈≈≈# #
#≈≈≈≈≈≈≈≈≈≈≈.≈≈≈≈≈≈≈≈≈≈≈# #
#≈≈≈≈≈≈≈≈≈≈.≈.≈≈≈≈≈≈≈≈≈≈≈# #
#.≈≈≈≈≈≈≈≈≈≈@≈≈≈:≈≈≈≈≈≈≈≈# #
#≈≈≈≈≈≈≈≈≈≈.FF≈!?!.≈≈≈≈≈≈# #
#≈≈≈≈≈≈≈≈≈.≈≈.≈?!..≈≈≈≈≈≈# #
#.≈≈≈≈≈≈≈≈≈..≈≈≈.≈≈≈≈ #
#††≈≈≈#≈≈≈≈∩≈≈≈≈≈≈≈≈ #
#≈≈≈≈≈##≈≈≈≈≈≈≈≈≈≈≈≈ #
#.≈≈≈≈####≈≈≈≈≈≈≈≈≈≈ #
#.≈≈≈≈# ####≈≈≈≈≈≈# # #.≈≈≈.#
####### #


You could see 2 bullfrogs.

Vanquished Creatures
  Jessica (D:2)
  Terence (D:2)
  5 gnolls
  4 adders
  A river rat (D:3)
  An adder skeleton (D:2)
  3 dart slugs
  3 bats
  5 endoplasms
  13 giant cockroaches
  A hobgoblin (D:1)
  3 quokkas
  9 ball pythons
  11 frilled lizards
  7 goblins
  4 kobolds
  4 rats
76 creatures vanquished.

Vanquished Creatures (others)
  4 toadstools (D:1)
4 creatures vanquished.

Grand Total: 80 creatures vanquished

Notes
Turn   | Place    | Note
-------+----------+-------------------------------------------
     0 | D:1      | HallandMoats the Ghoul Fighter began the quest for the Orb.
     0 | D:1      | Reached XP level 1. HP: 19/19 MP: 0/0
   392 | D:1      | Reached XP level 2. HP: 26/26 MP: 1/1
   488 | D:1      | Reached skill level 1 in Invocations
   488 | D:1      | Reached XP level 3. HP: 28/31 MP: 2/2
  1310 | D:2      | Reached skill level 1 in Dodging
  1310 | D:2      | Reached XP level 4. HP: 30/40 MP: 4/4
  1335 | D:2      | Reached skill level 4 in Fighting
  1572 | D:2      | Reached XP level 5. HP: 46/46 MP: 5/5
  1589 | D:2      | Noticed Terence
  1618 | D:2      | Killed Terence
  1723 | D:2      | Found a faded altar of an unknown god.
  1826 | D:2      | Noticed Jessica
  1830 | D:2      | Killed Jessica
  2163 | D:3      | Found a glowing drain.
  2209 | Sewer    | Entered a sewer
  2366 | Sewer    | Reached XP level 6. HP: 48/53 MP: 7/7
  2506 | Sewer    | Slain by a bullfrog

Illustrated notes

Levels and vault maps discovered:
D:1:      ldierk_water_garden, layout_loops_corners,
          nicolae_figureground_sparkle
D:2:      layout_loops_cross, ebering_ecumenical_altar_rust,
          minmay_misc_feat_columns, uniq_jessica, uniq_terence
D:3:      layout_basic, portal_sewer_entry_a, gammafunk_ghost_icy
Sewer:    sewer_frog_island_01

Skill      XL: |  1  2  3  4 |
---------------+-------------+-----
Polearms       | 2 |  2.9
Invocations    | 1 2 |  2.7
Dodging        | 1 |  1.5
Shields        | 3 |  3.2
Fighting       | 4 |  4.4
Armour         | 3 |  3.1

Action                   |  1- 3 |  4- 6 || total
-------------------------+-------+-------++-------
Melee: Trident           |   100 |   209 ||   309
  Use: Scroll            |       |     2 ||     2
       Potion            |       |     2 ||     2
Armor: Scale mail        |    33 |   120 ||   153
Dodge: Dodged            |    34 |   107 ||   141
Block: Buckler           |    13 |    39 ||    52
